 Dungeon Crawl Stone Soup version 0.29.0-13-gc9e81de378 (webtiles) character file.

Game seed: 6224068659131285306

25 AttackTheMoon the Chopper (level 3, 0/43 HPs)
             Began as a Human Berserker on Sept 9, 2022.
             Was a Follower of Trog.
             Succumbed to an adder's poison
             ... on level 1 of the Dungeon.
             The game lasted 00:02:25 (1671 turns).

AttackTheMoon the Chopper (Human Berserker)         Turns: 1671, Time: 00:02:26

Health: 0/43       AC: 21    Str: 19    XL:     3   Next: 17%
Magic:  3/3        EV:  2    Int:  7    God:    Trog [*.....]
Gold:   57         SH:  0    Dex: 12    Spells: 2/2 levels left

rFire   . . .      SeeInvis .   a - +0 hand axe
rCold   . . .      Faith    .   (no shield)
rNeg    . . .      Spirit   .   (body armour currently unavailable)
rPois   +          Reflect  .   (helmet currently unavailable)
rElec   .          Harm     .   (cloak currently unavailable)
rCorr   .          Rampage  .   (gloves currently unavailable)
Will    .....      NoTele   +   (boots currently unavailable)
Stlth   +.........              (no amulet)
HPRegen 0.14/turn               (no ring)
MPRegen 0.08/turn               (no ring)

@: lethally poisoned (0 -> -11), tree-form
A: stationary, stasis, torment immunity, boosted hp
a: Renounce Religion, Berserk


You were on level 1 of the Dungeon.
You worshipped Trog.
Trog was aware of your devotion.
You were a tree.
You visited 1 branch of the dungeon, and saw 2 of its levels.

You collected 57 gold pieces.

Inventory:

Hand Weapons
 a - a +0 hand axe (weapon)
Missiles
 f - 3 boomerangs (quivered)
 h - 9 poisoned darts
Armour
 b - a +0 animal skin (melded)
 i - a +0 helmet (melded)
Jewellery
 k - a +6 ring of dexterity
Scrolls
 c - a scroll of fog {unknown}
 g - 2 scrolls of enchant weapon


   Skills:
 + Level 3.2 Fighting
 + Level 3.2 Axes
 + Level 0.4 Throwing
 + Level 2.3 Armour
 + Level 2.4 Dodging


You had 2 spell levels left.
You didn't know any spells.
Your spell library was empty.

Dungeon Overview and Level Annotations

Branches:
Dungeon (2/15)

Altars:


Message History

The adder poisons you! The adder bites you.
You are more poisoned.
The adder poisons you!
You climb upwards.
You feel very sick.
There is a stone staircase leading down here.
You feel sick. The adder bites you but does no damage.
You feel better. The adder closely misses you. The adder barely misses you.
The adder bites you.
You are poisoned.
The adder poisons you!
You closely miss the adder.
You feel sick.
You closely miss the adder. You barely miss the adder.
You feel sick. The adder bites you.
You are more poisoned.
The adder poisons you! The adder bites you.
You are more poisoned.
The adder poisons you! The adder bites you.
* * * LOW HITPOINT WARNING * * *
Really quaff the potion of lignification?
You turn into a tree.
Your +0 helmet melds into your body.
Your +0 animal skin melds into your body.
Your roots penetrate the ground.
* * * LOW HITPOINT WARNING * * *
You feel very sick. The adder bites you.
* * * LOW HITPOINT WARNING * * *
The adder bites you but does no damage.
As you read the scroll labelled LAEFURR FEMAQULUOS, it crumbles to dust.
You feel momentarily disoriented.
It was a scroll of magic mapping.
* * * LOW HITPOINT WARNING * * *
You feel sick.
The adder bites you but does no damage. x2
The adder bites you.
* * * LOW HITPOINT WARNING * * *
You are more poisoned.
The adder poisons you!
You hit the adder.
The adder is moderately wounded.
You miss the adder.
You die...

..##
####..............#.....♣♣P
.##
#.............##.##......♣♣
##
#.............#..##.......♣
#
#....#####......#########..
# #.....####.....###### ##.
#.......##..........# ##
#....##.##..........#######
#....##.##S................
#######.>S♣.#........######
##.####........###### ###
#.# #........#..... ###.#
#.# ########.#.###. .)..#
#.# #.#.# #. ###.# #.#
#.#.# #. ....# #.# #.#.# #.
##### #.# #.#.# #. # #.#
#.#.# #.


You could see 2 adders.

Vanquished Creatures
  2 ball pythons
  A bat (D:1)
  5 endoplasms (D:1)
  3 hobgoblins
  2 kobolds (D:1)
  3 quokkas (D:1)
  5 rats
21 creatures vanquished.

Notes
Turn   | Place    | Note
-------+----------+-------------------------------------------
     0 | D:1      | AttackTheMoon the Human Berserker began the quest for the
                  | Orb.
     0 | D:1      | Reached XP level 1. HP: 18/18 MP: 1/1
   245 | D:1      | Reached XP level 2. HP: 18/24 MP: 2/2
   916 | D:1      | Found a faded altar of an unknown god.
  1313 | D:1      | Reached XP level 3. HP: 29/29 MP: 3/3
  1671 | D:1      | Succumbed to an adder's poison

Illustrated notes

Levels and vault maps discovered:
D:1:      dpeg_arrival_rhombi, layout_basic, dilly_ecumenical_altar_fadedgnrine
D:2:      layout_rooms

Action                   || total
-------------------------++-------
Melee: Hand axe          ||    53
Throw: Boomerang         ||    12
Invok: Berserk           ||     1
  Use: Scroll            ||     4
       Potion            ||     2
Armor: Animal skin       ||    11
       Skin              ||     3
Dodge: Dodged            ||    57
